NCAA
ALABAMA CRIMSON TIDE @ RUTGERS SCARLET KNIGHTS
05/11/2028
 
TOP OF THE 1ST
Alabama Crimson Tide batting - Pitching for Rutgers Scarlet Knights : LHP Alberto Ledezma
Pitching: LHP Alberto Ledezma
Batting: RHB Jason Carr 0-0: Foul Ball, location: 2F
0-1: Ball
1-1: Foul Ball, location: 2F
1-2: Ball
2-2: Foul Ball, location: 2F
2-2: Strikes out swinging
Batting: LHB Steve Blankenship 0-0: Called Strike
0-1: Called Strike
0-2: Strikes out swinging
Batting: LHB Steve Woods 0-0: Ball
1-0: Fly out, F9 (Line Drive, 9)
Top of the 1st over - 0 run(s), 0 hit(s), 0 error(s), 0 left on base; Alabama 0 - Rutgers 0
BOTTOM OF THE 1ST
Rutgers Scarlet Knights batting - Pitching for Alabama Crimson Tide : RHP Norberto Romero
Pitching: RHP Norberto Romero
Batting: LHB Dave Watkins 0-0: Ball
1-0: Called Strike
1-1: Swinging Strike
1-2: Foul Ball, location: 2F
1-2: Ball
2-2: Foul Ball, location: 2F
2-2: Foul Ball, location: 2F
2-2: Strikes out swinging
Batting: RHB Howard Battle 0-0: Ball
1-0: Foul Ball, location: 2F
1-1: Ground out 4-3 (Groundball, 4)
Batting: LHB Carlos Hernández 0-0: Swinging Strike
0-1: Ball
1-1: Ball
2-1: Ball
3-1: Base on Balls
Batting: RHB Eric Green 0-0: Called Strike
0-1: Ball
Wild Pitch!
Carlos Hernández to second
1-1: Ball
2-1: Ball
3-1: Foul Ball, location: 2F
3-2: Base on Balls
Batting: RHB Joseph McCarteney 0-0: Called Strike
0-1: Swinging Strike
0-2: Foul Ball, location: 2F
0-2: Ball
1-2: Foul Ball, location: 2F
1-2: SINGLE (Groundball, 3S) (infield hit)
Carlos Hernández to third
Eric Green to second
Batting: RHB Harry Wilkins 0-0: Called Strike
0-1: Ball
1-1: Called Strike
1-2: Strikes out swinging
Bottom of the 1st over - 0 run(s), 1 hit(s), 0 error(s), 3 left on base; Alabama 0 - Rutgers 0
TOP OF THE 2ND
Alabama Crimson Tide batting - Pitching for Rutgers Scarlet Knights : LHP Alberto Ledezma
Batting: LHB Jorge Rivera 0-0: Called Strike
0-1: Ball
1-1: Called Strike
1-2: Ball
2-2: Ball
3-2: Strikes out swinging
Batting: SHB Dave Wilson 0-0: Called Strike
0-1: Foul Ball, location: 2F
0-2: Strikes out looking
Batting: SHB Bobby Riggs 0-0: Ball
1-0: Called Strike
1-1: Foul Ball, location: 2F
1-2: Ball
2-2: Strikes out swinging
Top of the 2nd over - 0 run(s), 0 hit(s), 0 error(s), 0 left on base; Alabama 0 - Rutgers 0
BOTTOM OF THE 2ND
Rutgers Scarlet Knights batting - Pitching for Alabama Crimson Tide : RHP Norberto Romero
Batting: RHB Michael Gibson 0-0: Ground out U3 (Groundball, 3L)
Batting: SHB Pat Brock 0-0: Called Strike
0-1: Foul Ball, location: 2F
0-2: Ball
1-2: DOUBLE (Flyball, 9LM)
Batting: RHB Jesús León 0-0: Ball
1-0: Foul Ball, location: 2F
1-1: Ground out 4-3 (Groundball, 4)
Pat Brock to third
Batting: LHB Dave Watkins 0-0: Called Strike
0-1: Ball
Wild Pitch!
Pat Brock scores
1-1: Swinging Strike
1-2: SINGLE (Groundball, 4D)
Batting: RHB Howard Battle 0-0: Ball
1-0: Swinging Strike
1-1: Swinging Strike
1-2: Strikes out swinging, 2-3 out at first.
Bottom of the 2nd over - 1 run(s), 2 hit(s), 0 error(s), 1 left on base; Alabama 0 - Rutgers 1
TOP OF THE 3RD
Alabama Crimson Tide batting - Pitching for Rutgers Scarlet Knights : LHP Alberto Ledezma
Batting: RHB Brian Burke 0-0: Ball
1-0: Ball
2-0: Ground out 6-3 (Groundball, 6)
Batting: RHB Alfredo Bernard 0-0: Foul Ball, location: 2F
0-1: Called Strike
0-2: Strikes out swinging
Batting: LHB Clarence Bowen 0-0: SINGLE (Groundball, 6M) (infield hit)
Batting: RHB Jason Carr 0-0: Called Strike
0-1: Ball
1-1: Ball
2-1: Ball
3-1: Fly out, F9 (Flyball, 9LSF)
Top of the 3rd over - 0 run(s), 1 hit(s), 0 error(s), 1 left on base; Alabama 0 - Rutgers 1
BOTTOM OF THE 3RD
Rutgers Scarlet Knights batting - Pitching for Alabama Crimson Tide : RHP Norberto Romero
Batting: LHB Carlos Hernández 0-0: Ball
1-0: Fly out, F8 (Flyball, 8RM)
Batting: RHB Eric Green 0-0: SINGLE (Groundball, 56S) (infield hit)
Batting: RHB Joseph McCarteney 0-0: Fly out, F8 (Flyball, 8RM)
Batting: RHB Harry Wilkins 0-0: Swinging Strike
0-1: Fly out, F8 (Line Drive, 8LM)
Bottom of the 3rd over - 0 run(s), 1 hit(s), 0 error(s), 1 left on base; Alabama 0 - Rutgers 1
TOP OF THE 4TH
Alabama Crimson Tide batting - Pitching for Rutgers Scarlet Knights : LHP Alberto Ledezma
Batting: LHB Steve Blankenship 0-0: Foul Ball, location: 2F
0-1: Foul Ball, location: 2F
0-2: SINGLE (Line Drive, 6MD)
Batting: LHB Steve Woods 0-0: Ball
1-0: Fielders Choice at 2nd, 3-6 (Groundball, 34)
Batting: LHB Jorge Rivera 0-0: Called Strike
0-1: Fly out, F5 (Popup, 5S)
Batting: SHB Dave Wilson 0-0: Fielders Choice at 2nd, 4-6 (Groundball, 4)
Top of the 4th over - 0 run(s), 1 hit(s), 0 error(s), 0 left on base; Alabama 0 - Rutgers 1
BOTTOM OF THE 4TH
Rutgers Scarlet Knights batting - Pitching for Alabama Crimson Tide : RHP Norberto Romero
Batting: RHB Michael Gibson 0-0: Ball
1-0: Ball
2-0: Swinging Strike
2-1: Ground out 6-3 (Groundball, 6)
Batting: SHB Pat Brock 0-0: Ball
1-0: Ball
2-0: Called Strike
2-1: Swinging Strike
2-2: Ball
3-2: Base on Balls
Batting: RHB Jesús León 0-0: Ball
1-0: Called Strike
Pat Brock is caught stealing 2nd base
1-1: Called Strike
1-2: SINGLE (Groundball, 6MD)
Batting: LHB Dave Watkins 0-0: Swinging Strike
0-1: Ball
1-1: Swinging Strike
1-2: Strikes out swinging
Bottom of the 4th over - 0 run(s), 1 hit(s), 0 error(s), 1 left on base; Alabama 0 - Rutgers 1
TOP OF THE 5TH
Alabama Crimson Tide batting - Pitching for Rutgers Scarlet Knights : LHP Alberto Ledezma
Batting: SHB Bobby Riggs 0-0: Called Strike
0-1: Ball
1-1: Ball
2-1: Ball
3-1: Base on Balls
Batting: RHB Brian Burke 0-0: Swinging Strike
0-1: Ball
1-1: Swinging Strike
1-2: Fly out, F9 (Flyball, 9)
Batting: RHB Alfredo Bernard 0-0: Called Strike
0-1: Ball
Wild Pitch!
Bobby Riggs to second
1-1: Ball
2-1: Ground out 5-3 (Groundball, 2L)
Bobby Riggs to third
Batting: LHB Clarence Bowen 0-0: Called Strike
0-1: Ball
1-1: Called Strike
1-2: Foul Ball, location: 2F
1-2: Ball
2-2: Strikes out swinging
Top of the 5th over - 0 run(s), 0 hit(s), 0 error(s), 1 left on base; Alabama 0 - Rutgers 1
BOTTOM OF THE 5TH
Rutgers Scarlet Knights batting - Pitching for Alabama Crimson Tide : RHP Norberto Romero
Batting: RHB Howard Battle 0-0: Called Strike
0-1: Fly out, F9 (Flyball, 9LS)
Batting: LHB Carlos Hernández 0-0: DOUBLE (Flyball, 7LD)
Batting: RHB Eric Green 0-0: Called Strike
0-1: Swinging Strike
0-2: Ball
1-2: Strikes out swinging
Batting: RHB Joseph McCarteney 0-0: Ball
1-0: Foul Ball, location: 2F
1-1: Called Strike
1-2: Ball
2-2: Foul Ball, location: 2F
2-2: Strikes out looking
Bottom of the 5th over - 0 run(s), 1 hit(s), 0 error(s), 1 left on base; Alabama 0 - Rutgers 1
TOP OF THE 6TH
Alabama Crimson Tide batting - Pitching for Rutgers Scarlet Knights : LHP Alberto Ledezma
Batting: RHB Jason Carr 0-0: Called Strike
0-1: Ball
1-1: Swinging Strike
1-2: Strikes out swinging
Batting: LHB Steve Blankenship 0-0: Ball
1-0: Foul Ball, location: 2F
1-1: Called Strike
1-2: SINGLE (Flyball, 6MD)
Batting: LHB Steve Woods 0-0: Swinging Strike
0-1: Ball
1-1: Fielders Choice at 2nd, 1-4 (Groundball, 15S)
Batting: LHB Jorge Rivera 0-0: Fly out, F8 (Flyball, 78M)
Top of the 6th over - 0 run(s), 1 hit(s), 0 error(s), 1 left on base; Alabama 0 - Rutgers 1
BOTTOM OF THE 6TH
Rutgers Scarlet Knights batting - Pitching for Alabama Crimson Tide : RHP Norberto Romero
Pitching: RHP Francisco Vargas
Batting: RHB Harry Wilkins 0-0: Ball
1-0: Called Strike
1-1: Ball
2-1: Called Strike
2-2: Ball
3-2: Ground out 6-3 (Groundball, 6)
Batting: RHB Michael Gibson 0-0: Fly out, F9 (Flyball, 89S)
Batting: SHB Pat Brock 0-0: Foul Ball, location: 2F
0-1: Ball
1-1: Ball
2-1: Foul Ball, location: 2F
2-2: Ball
3-2: Foul Ball, location: 2F
3-2: Base on Balls
Batting: RHB Jesús León 0-0: Called Strike
0-1: Ball
Pat Brock steals 2nd base
1-1: Foul Ball, location: 2F
1-2: DOUBLE (Line Drive, 7LM)
Pat Brock scores
Batting: LHB Dave Watkins 0-0: Ball
1-0: Foul Ball, location: 2F
1-1: Ball
2-1: Foul Ball, location: 2F
2-2: Ball
3-2: SINGLE (Flyball, 6MD)
Jesús León to third
Jesús León scores
Pitching: LHP Tim Bowles
Batting: RHB Howard Battle 0-0: Called Strike
0-1: Ball
1-1: Ball
2-1: Foul Ball, location: 2F
2-2: Ball
3-2: Foul Ball, location: 2F
3-2: Base on Balls
Dave Watkins to second
Batting: LHB Carlos Hernández 0-0: Fly out, F3 (Line Drive, 34)
Bottom of the 6th over - 2 run(s), 2 hit(s), 0 error(s), 2 left on base; Alabama 0 - Rutgers 3
TOP OF THE 7TH
Alabama Crimson Tide batting - Pitching for Rutgers Scarlet Knights : LHP Alberto Ledezma
Batting: SHB Dave Wilson 0-0: Swinging Strike
0-1: Called Strike
0-2: Ball
1-2: Strikes out swinging
Pitching: RHP Jim Harden
Batting: SHB Bobby Riggs 0-0: Called Strike
0-1: Ball
1-1: Ball
2-1: Ground out 5-3 (Groundball, 56S)
Batting: RHB Brian Burke 0-0: Ball
1-0: Ball
2-0: Ball
3-0: Base on Balls
Batting: RHB Alfredo Bernard 0-0: Fielders Choice at 2nd, 4-6 (Groundball, 4)
Top of the 7th over - 0 run(s), 0 hit(s), 0 error(s), 0 left on base; Alabama 0 - Rutgers 3
BOTTOM OF THE 7TH
Rutgers Scarlet Knights batting - Pitching for Alabama Crimson Tide : LHP Tim Bowles
Batting: RHB Eric Green 0-0: Called Strike
0-1: Foul Ball, location: 2F
0-2: Foul Ball, location: 2F
0-2: Ball
1-2: Ball
2-2: Ball
3-2: Foul Ball, location: 2F
3-2: Foul Ball, location: 2F
3-2: Fly out, F8 (Flyball, 78M)
Batting: RHB Joseph McCarteney 0-0: Called Strike
0-1: Ball
1-1: Ball
2-1: Called Strike
2-2: Foul Ball, location: 2F
2-2: Ball
3-2: Foul Ball, location: 2F
3-2: Fly out, F9 (Flyball, 9)
Batting: RHB Harry Wilkins 0-0: Ball
1-0: Ball
2-0: Called Strike
2-1: Ball
3-1: Base on Balls
Batting: RHB Michael Gibson 0-0: Ball
1-0: Ball
2-0: 2-RUN HOME RUN (Flyball, 7D), Distance : 351 ft
Batting: SHB Pat Brock 0-0: Ball
1-0: Called Strike
1-1: Foul Ball, location: 2F
1-2: Strikes out swinging
Bottom of the 7th over - 2 run(s), 1 hit(s), 0 error(s), 0 left on base; Alabama 0 - Rutgers 5
TOP OF THE 8TH
Alabama Crimson Tide batting - Pitching for Rutgers Scarlet Knights : RHP Jim Harden
Now in RF: Ryan Washington
Batting: LHB Clarence Bowen 0-0: Ball
1-0: Ball
2-0: Ball
3-0: Base on Balls
Batting: RHB Jason Carr 0-0: Ball
1-0: Ball
2-0: Ball
3-0: Base on Balls
Clarence Bowen to second
Batting: LHB Steve Blankenship 0-0: Foul Ball, location: 2F
0-1: Swinging Strike
0-2: Strikes out swinging
Batting: LHB Steve Woods 0-0: Called Strike
0-1: Called Strike
0-2: Ball
1-2: Ball
2-2: Fly out, F7 (Flyball, 7D)
Runner from 2nd tags up, SAFE at 3rd, no throw
Batting: LHB Jorge Rivera 0-0: Ball
1-0: Ball
2-0: Ball
3-0: Called Strike
3-1: Base on Balls
Jason Carr to second
Batting: SHB Dave Wilson 0-0: Ball
1-0: Ball
2-0: Ball
3-0: Called Strike
3-1: Base on Balls
Clarence Bowen scores
Jason Carr to third
Jorge Rivera to second
Pitching: LHP Eric Cutino
Batting: SHB Bobby Riggs 0-0: Called Strike
0-1: Foul Ball, location: 2F
0-2: Foul Ball, location: 2F
0-2: SINGLE (Flyball, 8LS)
Jason Carr scores
Jorge Rivera to third
Dave Wilson to second
Pitching: RHP Mark Bullard
Batting: RHB Brian Burke 0-0: Called Strike
0-1: Called Strike
0-2: Strikes out swinging
Top of the 8th over - 2 run(s), 1 hit(s), 0 error(s), 3 left on base; Alabama 2 - Rutgers 5
BOTTOM OF THE 8TH
Rutgers Scarlet Knights batting - Pitching for Alabama Crimson Tide : LHP Tim Bowles
Pitching: RHP Dave Edmonds
Batting: RHB Jesús León 0-0: Ball
1-0: Swinging Strike
1-1: DOUBLE (Line Drive, 9)
Batting: LHB Dave Watkins 0-0: Intentional Walk
Batting: RHB Howard Battle 0-0: Ball
1-0: Ball
2-0: Bunted foul
2-1: Sac Bunt - play at first, batter OUT! 1-4
Jesús León to third
Dave Watkins to second
Batting: LHB Carlos Hernández 0-0: Intentional Walk
Batting: RHB Eric Green 0-0: Called Strike
0-1: Foul Ball, location: 2F
0-2: Foul Ball, location: 2F
0-2: Strikes out swinging
Batting: LHB Ryan Washington 0-0: Called Strike
0-1: Swinging Strike
0-2: Ball
1-2: Ball
2-2: Ball
3-2: Base on Balls
Jesús León scores
Dave Watkins to third
Carlos Hernández to second
Batting: RHB Harry Wilkins 0-0: Ball
1-0: Called Strike
1-1: Called Strike
1-2: Strikes out swinging
Bottom of the 8th over - 1 run(s), 1 hit(s), 0 error(s), 3 left on base; Alabama 2 - Rutgers 6
TOP OF THE 9TH
Alabama Crimson Tide batting - Pitching for Rutgers Scarlet Knights : RHP Mark Bullard
Batting: RHB Alfredo Bernard 0-0: Ball
1-0: Ball
2-0: Ball
3-0: Base on Balls
Batting: LHB Clarence Bowen 0-0: Ball
1-0: Foul Ball, location: 2F
1-1: Ball
2-1: Fly out, F8 (Flyball, 8RXD)
Batting: RHB Jason Carr 0-0: Grounds into double play, 5-4-3 (Groundball, 56)
Top of the 9th over - 0 run(s), 0 hit(s), 0 error(s), 0 left on base; Alabama 2 - Rutgers 6
Tuesday, August 8th, 2017 - OOTP Baseball 17.12 Build 75